AoeStats
← die trying

Arabia

506699880Analyzed
1v1 RM · 17d ago on Sep 14, 2026· 30m 29s· 2 players
Game mode
Random Map
Map size
Tiny (2 player)
Population
200
Speed
Normal
Resources
Standard
Victory
Conquest
Starting age
Dark Age
Ending age
Imperial Age
RankedLock teamsTeams togetherTeam positionsShared explorationLock speedFull tech treeHidden civsTurbo modeCheats
Victory
Defeat
🇨🇱 Mongols · Chile
1860
+15
🇪🇸 Franks · Spain
1833
-15
DS_cachivache
6:17 Loom
8:25 Feudal Age
13:23 Double-Bit Axe
24:53 Castle Age
23:36 Padded Archer Armor
23:28 Fletching
24:21 Scale Barding Armor
25:19 Gold Mining
25:11 Elite Skirmisher
25:50 Gold Mining
25:57 Bodkin Arrow
28:13 Bow Saw
28:28 Padded Archer Armor
30:44 Leather Archer Armor
die trying
5:34 Loom
8:07 Feudal Age
8:10 Man-at-Arms
15:12 Fletching
22:47 Castle Age
21:37 Padded Archer Armor
21:39 Double-Bit Axe
22:09 Horse Collar
22:32 Gold Mining
22:55 Crossbowman
23:31 Bodkin Arrow
26:30 Town Watch
30:08 Wheelbarrow
Connection lost

Rejoining the realm…

Still unreachable

The connection could not be restored.

Session expired

The server has moved on; the page needs a fresh start.